 Dungeon Crawl Stone Soup version 0.20.0-15-g7f486f2 (webtiles) character file.

953174 asdasd2 the Conqueror (level 27, -9/245 HPs)
             Began as a Minotaur Fighter on June 18, 2017.
             Was the Champion of the Shining One.
             Killed from afar by a hellion (29 damage)
             ... with damnation
             ... in Pandemonium on June 19, 2017.
             The game lasted 03:08:25 (77117 turns).

asdasd2 the Conqueror (Minotaur Fighter)           Turns: 77117, Time: 03:08:26

Health: -9/245     AC: 46    Str: 44    XL:     27
Magic:  37/37      EV: 28    Int: 18    God:    the Shining One [******]
Gold:   5742       SH: 20    Dex: 18    Spells: 26/26 levels left

rFire    + + +     SeeInvis .   T - +10 broad axe of the Snake Pit {flame, rC+ Str+6 Stlth+}
rCold    + + +     Gourm    .   O - +2 shield of Resistance {rF+ rC+ MR+}
rNeg     + + +     Faith    +   Y - +7 crystal plate armour
rPois    +         Spirit   .   U - -2 hat of the Alchemist {rElec rPois rF+ rC+ rN+ MR+ rMut rCorr}
rElec    +         Reflect  .   y - +1 cloak "Xyggaev" {Regen+ Str+3 Stlth+}
rCorr    +         Harm     .   j - +1 pair of gloves of the Forest {rPois Dex+4}
rMut     +                      A - +2 pair of boots of the Hot Ocelot {rC+ Int+4}
MR       ++++.                  W - amulet "Boles" {Faith *Drain +Blink Int+6 Slay+5}
Stlth    ..........             a - +5 ring of slaying
Regen    0.9/turn               b - ring of Exaboram {Fire *Drain Str+5 Int+3 Dex+2}
MPRegen  0.3/turn

@: glowing
A: retaliatory headbutt, horns 2, frail 1, weak 1, subdued magic 1
}: 8/15 runes: decaying, slimy, silver, iron, obsidian, icy, bone, gossamer
a: Divine Shield, Cleansing Flame, Summon Divine Warrior, Renounce Religion,
Evoke Blink


You were in Pandemonium.
You worshipped the Shining One.
The Shining One was exalted by your worship.
You were hungry.

You visited 15 branches of the dungeon, and saw 79 of its levels.
You visited Pandemonium 1 time, and saw 5 of its levels.
You also visited: Sewer.

You collected 9679 gold pieces.
You spent 3937 gold pieces at shops.

Inventory:

Hand Weapons
 J - a +4 executioner's axe of freezing
 S - a +9 executioner's axe of holy wrath
 T - the +10 broad axe of the Snake Pit (weapon) {flame, rC+ Str+6 Stlth+}
   (Okawaru gifted it to you on level 6 of the Lair of Beasts)

   It has been specially enchanted to burn those struck by it, causing extra
   injury to most foes and up to half again as much damage against particularly
   susceptible opponents.
   Big, fiery blades are also staple armaments of hydra-hunters.
   It affects your strength (+6).
   It protects you from cold.
   It makes you more stealthy.
Armour
 i - the +4 shield "Cilo" {rN+ Str-4 Int+3 Dex+5, unknown}
   (You acquired it on level 7 of the Iron City of Dis)

   It affects your strength (-4).
   It affects your intelligence (+3).
   It affects your dexterity (+5).
   It protects you from negative energy.
 j - the +1 pair of gloves of the Forest (worn) {rPois Dex+4}
   (You bought it in a shop on level 4 of the Depths)

   It affects your dexterity (+4).
   It protects you from poison.
 w - a +2 cloak of magic resistance
 x - a scarf of resistance
 y - the +1 cloak "Xyggaev" (worn) {Regen+ Str+3 Stlth+}
   (You found it on level 7 of Gehenna)

   It affects your strength (+3).
   It increases your rate of regeneration.
   It makes you more stealthy.
 A - the +2 pair of boots of the Hot Ocelot (worn) {rC+ Int+4}
   (Okawaru gifted it to you on level 2 of the Spider Nest)

   It affects your intelligence (+4).
   It protects you from cold.
 O - the +2 shield of Resistance (worn) {rF+ rC+ MR+}
   (You took it off Dispater on level 7 of the Iron City of Dis)

   It protects you from fire.
   It protects you from cold.
   It affects your resistance to hostile enchantments.
 U - the -2 hat of the Alchemist (worn) {rElec rPois rF+ rC+ rN+ MR+ rMut rCorr}
   (Okawaru gifted it to you on level 5 of the Lair of Beasts)

   It protects you from fire.
   It protects you from cold.
   It insulates you from electricity.
   It protects you from poison.
   It protects you from negative energy.
   It affects your resistance to hostile enchantments.
   It protects you from acid and corrosion.
   It protects you from mutation.
 Y - a +7 crystal plate armour (worn)
Jewellery
 a - a +5 ring of slaying (left hand)
 b - the ring of Exaboram (right hand) {Fire *Drain Str+5 Int+3 Dex+2}
   (You took it off a deep elf knight on level 5 of the Vaults)

   [ring of fire]

   It enhances your fire magic.
   It affects your strength (+5).
   It affects your intelligence (+3).
   It affects your dexterity (+2).
   It protects you from fire.
   It makes you vulnerable to cold.
   It causes draining when unequipped.
 W - the amulet "Boles" (around neck) {Faith *Drain +Blink Int+6 Slay+5}
   (You bought it in a shop on level 1 of the Vaults)

   [amulet of faith]

   It allows you to gain divine favour quickly.
   It affects your intelligence (+6).
   It affects your accuracy and damage with ranged weapons and melee attacks
   (+5).
   It lets you blink.
   It causes draining when unequipped.
 Z - the ring "Elel Tai" {rF+ rN+ Dex+8}
   (You found it on level 3 of the Crypt)

   [ring of positive energy]

   It affects your dexterity (+8).
   It protects you from fire.
   It protects you from negative energy.
Wands
 q - a wand of disintegration (17/24)
 B - a wand of disintegration (14/24)
 I - a wand of lightning (10/15)
 L - a wand of lightning (4/15)
 N - a wand of disintegration (17/24)
 P - a wand of lightning (10/15)
 V - a wand of digging (7/24)
Scrolls
 d - 4 scrolls of holy word
 n - 22 scrolls of remove curse
 r - 12 scrolls of teleportation
 u - 3 scrolls of enchant weapon
 v - a scroll of acquirement
 z - 5 scrolls of magic mapping
 C - 4 scrolls of amnesia
 D - 7 scrolls of recharging
 H - 4 scrolls of fog
 R - a scroll of summoning
Potions
 c - a potion of heal wounds
 e - 17 potions of curing
 g - 4 potions of ambrosia
 h - 13 potions of brilliance
 k - 11 potions of flight
 l - 5 potions of magic
 m - 4 potions of haste
 o - 12 potions of agility
 t - 4 potions of resistance
 E - 5 potions of invisibility
 F - 3 potions of cancellation
 G - 7 potions of mutation
Books
 X - the Catalogue of Lightness
   (You found it on level 7 of the Iron City of Dis)

   Spells                             Type                      Level
   a - Lightning Bolt                 Conjuration/Air              5
   b - Silence                        Hexes/Air                    5
Comestibles
 f - 31 bread rations
 p - 23 royal jellies
 s - 5 meat rations


   Skills:
 O Level 27 Fighting
 O Level 27 Axes
   Level 2.2(18.8) Maces & Flails
 O Level 27 Armour
 * Level 26.9 Dodging
 + Level 19.0 Shields
 - Level 23.8 Invocations
 * Level 12.9 Evocations


You had 26 spell levels left.
You didn't know any spells.

Dungeon Overview and Level Annotations

Branches:
Dungeon (15/15)            Temple (1/1) D:7            Lair (6/6) D:10
  Swamp (4/4) Lair:4       Spider (4/4) Lair:3        Slime (5/5) Lair:6
    Orc (2/2) D:9             Elf (0/3) Orc:2        Vaults (5/5) D:13
  Crypt (3/3) Vaults:3       Tomb (0/3) Crypt:3      Depths (5/5) D:15
   Hell (1/1)                 Dis (7/7) Hell            Geh (7/7) Hell
    Coc (7/7) Hell            Tar (7/7) Hell            Zot (0/5) Depths:5

Altars:
Ashenzari
Cheibriados
Dithmenos
Elyvilon
Fedhas
Gozag
Hepliaklqana
Kikubaaqudgha
Makhleb
Nemelex Xobeh
Okawaru
Qazlal
Ru
Sif Muna
Trog
Uskayaw
Vehumet
Xom
Yredelemnul
Zin
The Shining One
Beogh
Jiyva
Lugonu

Shops:
D:4 (*   D:5 *[*[*   D:7 :}=   D:12 [   D:14 [   Orc:2 :*[!!   Vaults:1 ?:=[
Vaults:3 =   Vaults:4 =   Depths:4 [

Portals:
Hell: Depths:1 Depths:2 Depths:3 Depths:4 Depths:5
Abyss: Depths:4
Pandemonium: Orc:2 Depths:2 Depths:3 Depths:4 Depths:5
Ziggurat: Depths:3
Bazaar: Vaults:1
Trove: D:10 (give 20 scrolls of identify)

Annotations:
Lair:1 exclusion: oklob plant


Innate Abilities, Weirdness & Mutations

You reflexively headbutt those who attack you in melee.
You have a pair of horns on your head.
You are frail. (-10% HP)
You are weak. (Str -2)
Your spells are a little easier to cast, but a little less powerful.


Message History

The hellion is poisoned.
You hear a bark!
There is an open door here.
Unknown command.
You feel much better. The hellion barely misses you. You furiously retaliate!
You headbutt the hellion.
You feel much better. The hellion gestures at you.
The sphere of damnation explodes!
The damnation engulfs you!
* * * LOW HITPOINT WARNING * * *
The damnation engulfs the hellion.
The hellion completely resists.
The damnation engulfs your angel.
Your angel gestures.
Your angel is healed somewhat.
The green death gestures at you.
The bolt of poison hits the hellion.
The hellion looks even sicker.
The bolt of poison misses you. The hellion gestures at you.
The sphere of damnation explodes!
The damnation engulfs you!
You die...

#.. #### ∩.. #+#..# ###...#.
###'#####....###......
#....#.......#.......
#....#.......#...2..
.....#)......#§..§§#
....)'.......'.§§§.###
....[#[........§2#...
.....#.).....#.#@#.########
....###.......#§A§.....∩...
#)### ###'###......#)..φ...
)(..###......#.....########
.....#.......#..'#......... #
.....#......§#...#..#########.#
.....'.......'.....#........#.#
.....#.......#................#
+#...#.......#.......#.......#


You could see a green death, a hellion and a friendly angel.

Vanquished Creatures
  the Royal Jelly (Slime:5)
  Asmodeus (Geh:7)
  Ereshkigal (Tar:7)
  the Serpent of Hell (Dis:7)
  Dispater (Dis:7)
  4 pandemonium lords (Pan)
  Bai Suzhen (Swamp:3)
  11 shard shrikes
  Saint Roka (Crypt:3)
  Xtahua (Vaults:2)
  Geryon (Hell)
  4 golden dragons (Vaults:5)
  the Enchantress (Depths:4)
  10 bone dragons
  36 Tzitzimimeh
  8 doom hounds
  10 iron giants
  21 Brimstone Fiends
  A hellephant (Coc:7)
  14 Ice Fiends
  4 tentacled monstrosities
  Asterion (Spider:4)
  8 liches
  7 Hell Sentinels (Dis:7)
  22 acid blobs
  4 deep elf blademasters
  8 deep elf master archers
  17 titans
  5 Executioners
  A quicksilver dragon (Vaults:5)
  8 shadow dragons
  24 ancient champions
  4 sphinxes
  3 eldritch tentacles
  Agnes (Spider:1)
  2 tengu reavers
  3 revenants
  3 storm dragons
  Donald (Orc:2)
  21 frost giants
  9 azure jellies
  3 blood saints (Pan)
  23 fire giants
  14 cacodemons
  A draconian knight (Depths:5)
  15 vault wardens
  5 ghost moths
  A deep elf elementalist (Vaults:5)
  13 balrugs
  A draconian scorcher (Tar:7)
  11 iron dragons
  A draconian shifter (Depths:5)
  75 reapers
  6 emperor scorpions
  5 warmongers (Pan)
  5 curse skulls
  A draconian annihilator (Tar:7)
  A juggernaut skeleton (Depths:4)
  7 ghouls
  17 very ugly things
  4 elemental wellsprings
  8 spriggan defenders
  The ghost of ThereIsNoGod the Earth Mage, a journeyman SpEE of Sif Muna (D:15)
  33 stone giants
  2 corrupters (Pan)
  18 ironheart preservers
  5 entropy weavers
  12 vampire knights
  6 black suns (Pan)
  6 war gargoyles
  5 lorocyprocas
  3 white draconians
  3 red draconians
  A yellow draconian (Depths:5)
  2 black draconians
  A dire elephant (Lair:6)
  A spectral titan (Crypt:3)
  A deep elf demonologist (Depths:4)
  4 green draconians
  7 spark wasps
  25 ettins
  5 eidola
  16 blizzard demons
  A crystal guardian (Vaults:4)
  3 purple draconians
  5 deep elf death magi
  A spectral quicksilver dragon (Crypt:3)
  2 merfolk impalers (Depths:4)
  The ghost of kalagan the Thaumaturge, a journeyman KoAE of Vehumet (Lair:3)
  A merfolk javelineer (Depths:4)
  Snorg (Orc:2)
  7 quicksilver dragon zombies
  6 death oozes (Slime:5)
  2 spectral krakens (Tar:7)
  4 deep elf high priests
  4 green deaths
  13 fire dragons
  2 kraken zombies
  8 jiangshi
  12 great orbs of eyes
  3 quicksilver dragon skeletons
  29 vault guards
  20 yaktaur captains
  25 hydras
  7 spriggan air magi
  5 monstrous demonspawn (Pan)
  2 anacondas (shapeshifter)
  31 ice dragons
  4 rakshasas
  A catoblepas (Lair:6)
  7 ghost crabs
  6 death knights
  2 spectral frost giants (Crypt:3)
  9 centaur warriors
  63 two-headed ogres
  10 alligators
  A two-headed ogre (shapeshifter) (Depths:3)
  10 deep troll shamans
  23 ogre magi
  13 spriggan berserkers
  12 death yaks
  9 orc high priests
  8 tengu warriors
  Urug (D:15)
  7 deep troll earth magi
  8 vampire magi
  A dancing weapon (Vaults:5)
  9 titan zombies
  A shock serpent (shapeshifter) (D:15)
  5 storm dragon zombies
  43 soul eaters
  11 hell hogs
  30 sun demons
  15 deep elf knights
  Sonja (Orc:2)
  3 iron golems
  7 titan skeletons
  The ghost of Quirk the Carver, a novice DsFi of Okawaru (D:6)
  38 hell knights
  5 sixfirhies
  4 golden dragon zombies
  6 anaconda zombies
  A spectral anaconda (Crypt:3)
  14 iron trolls
  113 skeletal warriors
  21 deep trolls
  13 shadow wraiths
  5 torturous demonspawn
  8 large abominations (Pan)
  14 flayed ghosts
  3 storm dragon skeletons
  3 unseen horrors
  10 deep elf archers
  28 shadow demons
  2 quicksilver dragon simulacra
  5 glowing orange brains
  A swamp dragon (shapeshifter) (Depths:3)
  6 gelid demonspawn
  5 infernal demonspawn
  An unseen horror (shapeshifter) (Vaults:1)
  3 spriggan druids
  An iron giant skeleton (Crypt:1)
  4 shambling mangroves
  A kraken simulacrum (Coc:7)
  11 ironbrand convokers
  A spark wasp zombie (Crypt:2)
  2 wizards (Depths:3)
  A lindwurm (Lair:4)
  34 phantasmal warriors
  5 anaconda skeletons
  4 golden dragon skeletons
  20 orc knights
  11 swamp dragons
  9 harpies
  24 wolf spiders
  15 necromancers
  An orb spider (shapeshifter) (Vaults:5)
  A sphinx zombie (Crypt:3)
  6 stone giant zombies
  5 iron dragon zombies
  6 shadow dragon zombies
  A spectral ice dragon (Crypt:3)
  15 wolf spider zombies
  22 orb spiders
  22 deep elf magi
  9 orc sorcerers
  5 shining eyes
  8 frost giant zombies
  47 ugly things
  5 fire giant zombies
  6 cyclopes
  2 shadow dragon skeletons
  A manticore (shapeshifter) (Vaults:1)
  4 moths of wrath
  5 manticores
  Maurice (D:8)
  8 iron dragon skeletons
  5 black mambas
  5 fire giant skeletons
  4 shock serpent zombies
  4 stone giant skeletons
  A guardian serpent (shapeshifter) (D:13)
  8 elephants
  3 frost giant skeletons
  17 vault sentinels
  A water nymph (shapeshifter) (D:13)
  3 dire elephant zombies
  Joseph (D:10)
  An eye of devastation (Slime:5)
  28 rust devils
  23 smoke demons
  A titan simulacrum (Vaults:5)
  10 molten gargoyles
  4 storm dragon simulacra (Coc:7)
  10 orange demons
  6 centaur skeletons
  3 efreet
  A catoblepas zombie (Dis:7)
  24 spiny frogs
  A spriggan zombie (Hell)
  3 dire elephant skeletons
  A kobold demonologist (D:13)
  14 demonic crawlers
  A yaktaur zombie (Vaults:4)
  24 hellions
  A komodo dragon (shapeshifter) (D:13)
  10 komodo dragons
  38 freezing wraiths
  A rime drake (Lair:6)
  2 emperor scorpion zombies
  41 yaktaurs
  9 redback zombies (Spider:2)
  9 spectral swamp worms (Tar:7)
  48 tormentors
  A catoblepas skeleton (Tar:4)
  A yaktaur skeleton (Vaults:4)
  13 hellwings
  An anaconda simulacrum (Coc:7)
  4 harpy zombies
  41 ice devils
  A spectral harpy (Crypt:3)
  9 hydra zombies
  12 trolls
  A polar bear (Lair:5)
  30 red devils
  2 silent spectres
  6 meliai
  A wind drake (shapeshifter) (Vaults:2)
  3 tengu conjurers
  Prince Ribbit (Lair:3)
  3 trolls (shapeshifter)
  42 jumping spiders
  A queen bee (Lair:5)
  A meliai (shapeshifter) (Vaults:4)
  19 blink frogs
  A wolf spider simulacrum (D:13)
  3 tyrant leeches
  24 hornets
  A raiju (shapeshifter) (Vaults:3)
  106 slime creatures
  9 hydra skeletons
  2 harpy skeletons
  A shadow dragon simulacrum (Depths:3)
  10 bog bodies
  A sphinx simulacrum (Vaults:1)
  A deep troll zombie (Hell)
  A blink frog (shapeshifter) (Depths:2)
  6 fire dragon zombies
  6 ettin zombies
  14 dream sheep (Lair:6)
  6 hippogriffs
  An iron dragon simulacrum (Coc:7)
  8 alligator zombies
  10 tarantella zombies (Spider:2)
  2 human simulacra
  2 alligator skeletons
  8 fire dragon skeletons
  A frost giant simulacrum (Crypt:2)
  2 ice dragon zombies
  A hippogriff (shapeshifter) (Depths:3)
  29 shadows
  70 redbacks
  109 flying skulls
  11 spriggans
  22 tarantellas
  2 air elementals (Depths:3)
  4 ynoxinuls
  70 yaks
  A redback (shapeshifter) (Vaults:5)
  9 wyverns
  6 ice dragon skeletons
  2 elf zombies (Depths:3)
  21 water elementals
  36 wraiths
  A hog (shapeshifter) (Vaults:4)
  2 tarantellas (shapeshifter)
  14 fire elementals
  5 ettin skeletons
  A golden eye (shapeshifter) (Depths:3)
  A vampire (D:13)
  A basilisk (shapeshifter) (Vaults:3)
  6 hungry ghosts
  15 golden eyes
  4 basilisks
  11 chaos spawn
  12 vampire mosquitoes
  3 wargs
  A spatial vortex (Dis:7)
  4 neqoxecs
  A swamp worm (shapeshifter) (Vaults:2)
  23 swamp worms
  6 insubstantial wisps (Swamp:1)
  An acid dragon (D:11)
  6 hydra simulacra
  A monstrous demonspawn zombie (Crypt:2)
  15 water moccasins
  A deep troll skeleton (Vaults:4)
  3 spiny frog zombies
  2 soldier ants
  50 hell hounds
  10 porcupines
  63 orc warriors
  11 swamp drakes
  5 ice beasts
  6 sky beasts
  4 spiny frog skeletons
  6 phantoms
  8 snapping turtle zombies
  3 black bears
  An ettin simulacrum (Vaults:2)
  10 eyes of draining
  19 necrophages
  2 swamp dragon zombies (Dis:7)
  16 wolves
  A blink frog zombie (Crypt:1)
  2 swamp dragon skeletons
  3 manticore skeletons
  4 snapping turtle skeletons
  16 centaurs
  A torpor snail zombie (Crypt:3)
  4 crocodiles
  64 ogres
  6 big kobolds
  2 wyvern zombies
  15 bullfrogs
  An elf skeleton (Crypt:2)
  A komodo dragon skeleton (Crypt:1)
  7 scorpions
  A water moccasin skeleton (Crypt:2)
  3 tengu zombies (Hell)
  A spectral naga (Crypt:3)
  21 killer bees (Lair:5)
  3 troll skeletons
  2 howler monkeys
  67 wights
  An electric eel (Lair:1)
  14 crimson imps
  2 human zombies (Dis:7)
  4 quasits
  5 bullfrog skeletons
  A bullfrog zombie (D:5)
  4 centaur zombies
  3 hounds
  14 jellies
  39 orc priests
  28 iron imps
  A basilisk zombie (Crypt:3)
  Terence (D:2)
  3 iguanas
  26 orc wizards
  9 worker ants
  A felid zombie (Crypt:3)
  A naga zombie (Crypt:1)
  2 ogre zombies
  A big kobold skeleton (Crypt:1)
  6 mummies
  A worker ant zombie (D:6)
  4 river rats (D:3)
  9 adders
  18 shadow imps
  10 white imps
  An ufetubus (Depths:4)
  12 oozes
  An adder zombie (D:8)
  A halfling zombie (Crypt:3)
  2 adder skeletons
  3 worms (D:3)
  5 leopard geckos
  114 orcs
  2 ball pythons (Sewer)
  11 bats
  A bat zombie (Crypt:2)
  6 giant cockroaches
  9 goblins
  3 hobgoblins
  14 jackals
  3 quokkas
  7 frilled lizards
  A giant cockroach zombie (D:6)
  A jackal skeleton (D:4)
  25 kobolds
  A kobold skeleton (Crypt:3)
  A kobold zombie (Dis:7)
  An orc zombie (Geh:7)
  A quokka skeleton (D:9)
  A quokka zombie (D:6)
  12 rats
  A rat skeleton (Crypt:2)
  2 fire vortices (Geh:5)
  8 fungi
  2 plants
  9 tentacles
4033 creatures vanquished.

Vanquished Creatures (collateral kills)
  Antaeus (Coc:7)
  A shard shrike (Coc:7)
  A bone dragon (Dis:7)
  An iron giant (Dis:7)
  A Brimstone Fiend (Dis:7)
  A Hell Sentinel (Dis:7)
  An Ice Fiend (Coc:7)
  2 iron dragons (Dis:7)
  4 reapers (Dis:7)
  A titan zombie (Dis:7)
  A soul eater (Dis:7)
  2 sixfirhies (Pan)
  A golden dragon zombie (Dis:7)
  A dire elephant zombie (Dis:7)
  A fire giant zombie (Dis:7)
  2 rust devils (Dis:7)
  A tormentor (Dis:7)
  A ghost moth simulacrum (Coc:7)
  A hydra skeleton (Coc:7)
  3 hell hounds (Dis:7)
  A snapping turtle zombie (Dis:7)
  2 iron imps (Dis:7)
31 creatures vanquished.

Vanquished Creatures (others)
  An eldritch tentacle (Dis:7)
  A fire giant (Crypt:3)
  An iron dragon (Dis:2)
  A cacodemon (Pan)
  A reaper (Pan)
  A sixfirhy (Pan)
  An ironbrand convoker (Vaults:4)
  A hornet (Swamp:4)
  A wraith (Coc:5)
  An ogre (Vaults:4)
  A wight (Geh:1)
  An orc priest (Vaults:4)
  A ball lightning (Pan)
  A leopard gecko skeleton (D:7)
  6 fungi
  8 plants
  23 tentacles
51 creatures vanquished.

Grand Total: 4115 creatures vanquished

Notes
Turn   | Place    | Note
-------+----------+-------------------------------------------
     0 | D:1      | asdasd2 the Minotaur Fighter began the quest for the Orb.
     0 | D:1      | Reached XP level 1. HP: 19/19 MP: 0/0
   231 | D:1      | Reached XP level 2. HP: 27/27 MP: 1/1
  1019 | D:2      | Noticed Terence
  1022 | D:2      | Found a shimmering altar of Xom.
  1024 | D:2      | Reached XP level 3. HP: 33/33 MP: 2/2
  1032 | D:2      | Killed Terence
  1033 | D:2      | Found a shimmering altar of Xom.
  1033 | D:2      | Found a shimmering altar of Xom.
  1045 | D:2      | Found a shimmering altar of Xom.
  1046 | D:2      | Found a shimmering altar of Xom.
  1179 | D:2      | Reached skill level 1 in Dodging
  1179 | D:2      | Reached XP level 4. HP: 19/41 MP: 3/3
  1479 | D:2      | Reached skill level 5 in Fighting
  1761 | D:3      | Reached XP level 5. HP: 48/48 MP: 4/4
  1763 | D:3      | Reached skill level 5 in Armour
  2164 | D:3      | Found a glowing drain.
  2172 | Sewer    | Entered a sewer
  2297 | Sewer    | Reached XP level 6. HP: 48/57 MP: 5/5
  2305 | Sewer    | Reached skill level 5 in Axes
  3134 | D:4      | Found Soomi's Antique Weapon Shoppe.
  3152 | D:4      | Found Luumun's Elemental Accessories.
  3233 | D:4      | Found an ancient bone altar of Kikubaaqudgha.
  3509 | D:4      | Found a shadowy altar of Dithmenos.
  3622 | D:4      | Found a deep blue altar of Sif Muna.
  3622 | D:4      | Found a stormy altar of Qazlal.
  3788 | D:5      | Entered Level 5 of the Dungeon
  3792 | D:5      | Reached XP level 7. HP: 51/64 MP: 6/6
  3920 | D:5      | Found Xuopluro's General Store.
  3928 | D:5      | Bought a scroll of teleportation for 30 gold pieces
  3928 | D:5      | Bought a scroll of identify for 20 gold pieces
  3964 | D:5      | Found Orawut's General Store.
  4037 | D:5      | Found Xibebb's Armour Boutique.
  4083 | D:5      | Found Loekkiad's General Store.
  4091 | D:5      | Bought a scroll of identify for 24 gold pieces
  4091 | D:5      | Bought a scroll of blinking for 90 gold pieces
  4091 | D:5      | Bought a scroll of identify for 24 gold pieces
  4091 | D:5      | Bought a potion of heal wounds for 60 gold pieces
  4703 | D:5      | Found Keotaff's Armour Shoppe.
  4782 | D:6      | Found an iron altar of Okawaru.
  4845 | D:6      | Noticed Quirk's ghost (novice DsFi)
  4868 | D:6      | Killed Quirk's ghost
  4868 | D:6      | Reached XP level 8. HP: 25/74 MP: 7/7
  5139 | D:6      | Became a worshipper of Warmaster Okawaru
  5578 | D:6      | Reached XP level 9. HP: 76/81 MP: 8/8
  5754 | D:7      | Found Ecwoghir's Book Shoppe.
  5774 | D:7      | Found Netrax's Gadget Emporium.
  5799 | D:7      | Reached * piety under Okawaru
  6035 | D:7      | Found Goytosed's Jewellery Shoppe.
  6363 | D:7      | Found a sand-covered staircase.
  6924 | D:8      | Found a shimmering altar of Xom.
  6975 | D:8      | Reached skill level 10 in Fighting
  7062 | D:8      | Reached skill level 10 in Axes
  7202 | D:8      | Reached ** piety under Okawaru
  7367 | D:8      | Noticed Maurice
  7376 | D:8      | Killed Maurice
  7658 | D:8      | Reached XP level 10. HP: 92/93 MP: 9/9
  7840 | D:9      | Reached *** piety under Okawaru
  7881 | D:9      | Reached **** piety under Okawaru
  8097 | D:9      | Noticed a two-headed ogre
  8104 | D:9      | Killed a two-headed ogre
  8271 | D:9      | Found a burning altar of Makhleb.
  8403 | D:9      | Found a shimmering altar of Xom.
  8426 | D:9      | Found a staircase to the Orcish Mines.
  8449 | D:9      | Reached ***** piety under Okawaru
  8449 | D:9      | Reached skill level 10 in Armour
  8674 | D:9      | Reached XP level 11. HP: 67/105 MP: 10/10
  9367 | D:10     | Entered Level 10 of the Dungeon
  9385 | D:10     | Received a gift from Okawaru
  9590 | D:10     | Noticed a two-headed ogre
  9601 | D:10     | Killed a two-headed ogre
  9734 | D:10     | Noticed a two-headed ogre
  9756 | D:10     | Killed a two-headed ogre
  9932 | D:10     | Found a portal to a secret trove of treasure.
  9932 | D:10     | Found a staircase to the Lair.
 10024 | D:10     | Found a sacrificial altar of Ru.
 10035 | D:10     | Noticed Joseph
 10048 | D:10     | Killed Joseph
 10210 | D:10     | Identified a scroll of acquirement
 10497 | D:5      | Bought the +0 hat "Usoelepp" {*Drain rCorr Str+3} for 224 gold pieces
 10651 | D:11     | Noticed a cyan ugly thing
 10689 | Lair:1   | Entered Level 1 of the Lair of Beasts
 10993 | Lair:1   | Received a gift from Okawaru
 11184 | Lair:1   | Noticed an oklob plant
 12208 | Lair:2   | Reached XP level 12. HP: 81/118 MP: 9/11
 12906 | Lair:3   | Noticed a five-headed hydra
 13010 | Lair:3   | Noticed Prince Ribbit
 13023 | Lair:3   | Killed Prince Ribbit
 13133 | Lair:3   | Received a gift from Okawaru
 13156 | Lair:3   | Noticed kalagan's ghost (journeyman KoAE)
 13599 | Lair:3   | Killed a five-headed hydra
 13611 | Lair:3   | Found a hole to the Spider Nest.
 13677 | Lair:3   | Reached skill level 15 in Fighting
 13948 | Lair:3   | Reached ****** piety under Okawaru
 14265 | Lair:3   | Received a gift from Okawaru
 14265 | Lair:3   | Reached skill level 1 in Maces & Flails
 14275 | Lair:3   | Killed kalagan's ghost
 15287 | Lair:4   | Found a staircase to the Swamp.
 15321 | Lair:4   | Reached XP level 13. HP: 113/128 MP: 12/12
 16322 | Lair:5   | Received a gift from Okawaru
 16863 | Lair:5   | Reached skill level 15 in Axes
 17560 | Lair:6   | Entered Level 6 of the Lair of Beasts
 18620 | Lair:6   | Found a staircase to the Slime Pits.
 18678 | Lair:6   | Noticed a dire elephant
 18695 | Lair:6   | Killed a dire elephant
 18695 | Lair:6   | Received a gift from Okawaru
 18695 | Lair:6   | Reached XP level 14. HP: 32/143 MP: 13/13
 18698 | Lair:6   | Got an ancient broad axe {god gift}
 19031 | Lair:6   | Identified the +10 broad axe of the Snake Pit {flame, rC+ Str+6 Stlth+} (Okawaru gifted it to you on level 6 of the Lair of Beasts)
 19877 | Lair:6   | Reached skill level 15 in Armour
 20326 | Orc:1    | Entered Level 1 of the Orcish Mines
 20743 | Orc:1    | Found a transporter.
 21007 | Orc:1    | Found a roughly hewn altar of Beogh.
 21009 | Orc:1    | Noticed a stone giant
 21024 | Orc:1    | Killed a stone giant
 21026 | Orc:1    | Noticed a stone giant
 21787 | Orc:1    | Killed a stone giant
 21787 | Orc:1    | Received a gift from Okawaru
 21790 | Orc:1    | Received a gift from Okawaru
 21920 | Orc:1    | Identified the Compendium of Contamination and Self-Improvement
 21936 | Orc:1    | Got an encrusted war axe
 21948 | Orc:1    | Found a transporter.
 22025 | Orc:2    | Entered Level 2 of the Orcish Mines
 22035 | Orc:2    | Noticed Sonja
 22051 | Orc:2    | Killed Sonja
 22312 | Orc:2    | Noticed Snorg
 22313 | Orc:2    | Noticed Donald
 22317 | Orc:2    | Killed Snorg
 22329 | Orc:2    | Found a staircase to the Elven Halls.
 23004 | Orc:2    | Killed Donald
 23014 | Orc:2    | Found Naobi's General Store.
 23015 | Orc:2    | Found Tudiez's Distillery.
 23223 | Orc:2    | Received a gift from Okawaru
 23232 | Orc:2    | Got a pair of crude gloves {god gift}
 23238 | Orc:2    | Identified the +2 pair of gloves of Dogmatism {rF+ Int+3} (Okawaru gifted it to you on level 2 of the Orcish Mines)
 23361 | Orc:2    | Found Seegrad's Distillery.
 23505 | Orc:2    | Noticed a stone giant
 23506 | Orc:2    | Reached skill level 1 in Invocations
 23514 | Orc:2    | Killed a stone giant
 23745 | Orc:2    | Found a bloodstained altar of Trog.
 23903 | Orc:2    | Reached XP level 15. HP: 149/152 MP: 14/14
 24498 | Orc:2    | Found Sufol's Antique Armour Shop.
 24498 | Orc:2    | Found Vicawyef's Book Boutique.
 24499 | Orc:2    | Found a one-way gate leading to the halls of Pandemonium.
 24745 | D:5      | Bought a +1 crystal plate armour for 1131 gold pieces
 24946 | Swamp:1  | Entered Level 1 of the Swamp
 25468 | Swamp:1  | Received a gift from Okawaru
 25981 | Swamp:2  | Found a snail-covered altar of Cheibriados.
 26124 | Swamp:2  | Identified the +8 war axe of Govetots {venom, Int+5} (You found it on level 1 of the Orcish Mines)
 26606 | Swamp:3  | Noticed Bai Suzhen
 26618 | Swamp:3  | Killed Bai Suzhen
 27006 | Swamp:3  | Found a runed door.
 27006 | Swamp:3  | Noticed a tentacled monstrosity
 27029 | Swamp:3  | Killed a tentacled monstrosity
 27029 | Swamp:3  | Received a gift from Okawaru
 27261 | Swamp:4  | Entered Level 4 of the Swamp
 27302 | Swamp:4  | Reached XP level 16. HP: 157/165 MP: 15/15
 27305 | Swamp:4  | Received a gift from Okawaru
 27698 | Swamp:4  | Got a decaying rune of Zot
 28562 | Swamp:4  | Received a gift from Okawaru
 28905 | Spider:1 | Entered Level 1 of the Spider Nest
 29001 | Spider:1 | Noticed Agnes
 29005 | Spider:1 | Killed Agnes
 29079 | Spider:1 | Received a gift from Okawaru
 29669 | Spider:2 | Reached XP level 17. HP: 105/178 MP: 17/17
 30021 | Spider:2 | Received a gift from Okawaru
 31923 | Spider:4 | Entered Level 4 of the Spider Nest
 32332 | Spider:4 | Noticed Asterion
 32357 | Spider:4 | Killed Asterion
 32730 | Spider:4 | Received a gift from Okawaru
 33186 | Spider:4 | Received a gift from Okawaru
 33487 | Spider:4 | Reached XP level 18. HP: 190/190 MP: 18/18
 33499 | Spider:4 | Got a gossamer rune of Zot
 34254 | D:12     | Received a gift from Okawaru
 34341 | D:12     | Found a stormy altar of Qazlal.
 34383 | D:12     | Found Tejapn's Antique Armour Boutique.
 34386 | D:12     | Bought an embroidered cloak for 225 gold pieces
 35281 | Spider:2 | Got a pair of smoking boots {god gift}
 35282 | Spider:2 | Identified the +2 pair of boots of the Hot Ocelot {rC+ Int+4} (Okawaru gifted it to you on level 2 of the Spider Nest)
 35502 | D:13     | Found a gate to the Vaults.
 36217 | D:14     | Found Nessofepp's Antique Armour Shop.
 36833 | D:15     | Entered Level 15 of the Dungeon
 36891 | D:15     | Noticed Urug
 36900 | D:15     | Killed Urug
 36969 | D:15     | Found a staircase to the Depths.
 36998 | D:15     | Noticed ThereIsNoGod's ghost (journeyman SpEE)
 37004 | D:15     | Killed ThereIsNoGod's ghost
 37107 | D:15     | Found a blossoming altar of Fedhas.
 37544 | Vaults:1 | Entered Level 1 of the Vaults
 37733 | Vaults:1 | Found a gateway to a bazaar.
 37753 | Vaults:1 | Received a gift from Okawaru
 37915 | Vaults:1 | Found Udghey Idyosi's Magic Scroll Boutique.
 37945 | Vaults:1 | Bought a scroll of blinking for 105 gold pieces
 37945 | Vaults:1 | Bought a scroll of enchant weapon for 105 gold pieces
 37945 | Vaults:1 | Bought 3 scrolls of teleportation for 126 gold pieces
 37945 | Vaults:1 | Bought a scroll of enchant weapon for 105 gold pieces
 37945 | Vaults:1 | Bought a scroll of identify for 28 gold pieces
 37945 | Vaults:1 | Bought a scroll of identify for 28 gold pieces
 37945 | Vaults:1 | Bought a scroll of identify for 28 gold pieces
 38036 | Vaults:1 | Received a gift from Okawaru
 38043 | Vaults:1 | Found Reprolat's Armour Shoppe.
 38046 | Vaults:1 | Found Baefyb Yluurr's Book Boutique.
 38250 | Vaults:1 | Reached XP level 19. HP: 203/203 MP: 19/19
 38354 | Vaults:1 | Found Dicaic's Jewellery Shop.
 39188 | Vaults:2 | Noticed Xtahua
 39192 | Vaults:2 | Paralysed by a sphinx for 5 turns
 39198 | Vaults:2 | Killed Xtahua
 40009 | Vaults:2 | Received a gift from Okawaru
 40504 | Vaults:3 | Found Fuaqisug's Jewellery Shop.
 40617 | Vaults:3 | Reached skill level 27 in Fighting
 40928 | Vaults:3 | Received a gift from Okawaru
 41133 | Vaults:3 | Reached XP level 20. HP: 216/216 MP: 20/20
 41256 | Vaults:3 | Received a gift from Okawaru
 41339 | Vaults:3 | Found a staircase to the Crypt.
 41339 | Vaults:3 | Found an ancient bone altar of Kikubaaqudgha.
 41340 | Vaults:3 | Found a basalt altar of Yredelemnul.
 41721 | Vaults:1 | Bought the amulet "Boles" {Faith *Drain +Blink Int+6 Slay+5} for 1148 gold pieces
 42431 | Vaults:4 | Received a gift from Okawaru
 43035 | Vaults:4 | Found Kyif's Jewellery Emporium.
 43582 | Vaults:5 | Entered Level 5 of the Vaults
 43591 | Vaults:5 | Received a gift from Okawaru
 43595 | Vaults:5 | Reached XP level 21. HP: 214/224 MP: 14/21
 43623 | Vaults:4 | Received a gift from Okawaru
 44533 | Vaults:5 | Received a gift from Okawaru
 44551 | Vaults:5 | Noticed a golden dragon
 44564 | Vaults:5 | Killed a golden dragon
 44638 | Vaults:5 | Got a sparkling amber ring
 44760 | Vaults:5 | Noticed a golden dragon
 44762 | Vaults:5 | Noticed a golden dragon
 44762 | Vaults:5 | Noticed a golden dragon
 44801 | Vaults:5 | Killed a golden dragon
 45093 | Vaults:5 | Killed a golden dragon
 45102 | Vaults:5 | Received a gift from Okawaru
 45163 | Vaults:5 | HP: 8/224 [yaktaur captain/bolt (29)]
 45725 | Vaults:5 | Received a gift from Okawaru
 45857 | Vaults:5 | Got a silver rune of Zot
 46067 | Vaults:5 | Killed a golden dragon
 46067 | Vaults:5 | Reached XP level 22. HP: 142/233 MP: 24/24
 46441 | Vaults:5 | Identified the Grimoire of Venomous Lightness
 46868 | Vaults:4 | Identified the ring of Exaboram {Fire *Drain Str+5 Int+3 Dex+2} (You took it off a deep elf knight on level 5 of the Vaults)
 46869 | Vaults:4 | Identified the +0 buckler "Saixzol" {Stlth+} (Okawaru gifted it to you on level 4 of the Vaults)
 47053 | Depths:1 | Entered Level 1 of the Depths
 47084 | Depths:1 | Received a gift from Okawaru
 47133 | Depths:1 | Received a gift from Okawaru
 47631 | Depths:1 | Found a gateway to Hell.
 47851 | Depths:1 | Paralysed by a great orb of eyes for 5 turns
 48605 | Depths:2 | Received a gift from Okawaru
 49106 | Depths:2 | Reached skill level 27 in Axes
 49440 | Depths:3 | Found a gateway to a ziggurat.
 49524 | Depths:3 | Reached XP level 23. HP: 159/240 MP: 25/25
 49662 | Depths:3 | Received a gift from Okawaru
 50799 | Depths:4 | Noticed the Enchantress
 50825 | Depths:4 | Killed the Enchantress
 50919 | Depths:4 | Found Kuofanicau's Armour Boutique.
 50924 | Depths:4 | Bought the +1 pair of gloves of the Forest {rPois Dex+4} for 436 gold pieces
 51138 | Depths:4 | Found a corrupted altar of Lugonu.
 51138 | Depths:4 | Found a one-way gate to the infinite horrors of the Abyss.
 52211 | Depths:4 | Received a gift from Okawaru
 52798 | Depths:5 | Entered Level 5 of the Depths
 53063 | Depths:5 | Reached skill level 5 in Invocations
 53563 | Depths:5 | Received a gift from Okawaru
 53612 | Depths:5 | Reached XP level 24. HP: 239/249 MP: 25/25
 54005 | Depths:5 | Reached skill level 27 in Armour
 54419 | Depths:5 | Found a gate to the Realm of Zot.
 55000 | Slime:1  | Entered Level 1 of the Pits of Slime
 55002 | Slime:1  | Gained mutation: You are frail. (-10% HP) [a shining eye]
 55249 | Slime:3  | Received a gift from Okawaru
 55327 | Slime:4  | Gained mutation: You are weak. (Str -2) [a shining eye]
 55342 | Slime:4  | Received a gift from Okawaru
 55665 | Slime:5  | Entered Level 5 of the Pits of Slime
 55684 | Slime:5  | Reached skill level 10 in Invocations
 56530 | Slime:5  | Paralysed by a great orb of eyes for 7 turns
 56686 | Slime:5  | Found a viscous altar of Jiyva.
 56749 | Slime:5  | Noticed the Royal Jelly
 56759 | Slime:5  | Killed the Royal Jelly
 57265 | Slime:5  | Got a slimy rune of Zot
 57271 | Slime:5  | Got a bound lapis lazuli ring
 57272 | Slime:5  | Identified the ring of Fiucith {+Fly AC+2 Int+7 Slay-4} (You found it on level 5 of the Pits of Slime)
 57735 | D:7      | Found a staircase to the Ecumenical Temple.
 57747 | Temple   | Entered the Ecumenical Temple
 57846 | Temple   | Fell from the grace of Okawaru
 57846 | Temple   | Became a worshipper of the Shining One
 58267 | Crypt:1  | Entered Level 1 of the Crypt
 58356 | Crypt:1  | Reached * piety under the Shining One
 58427 | Crypt:1  | Reached ** piety under the Shining One
 58430 | Crypt:1  | Reached skill level 5 in Dodging
 58658 | Crypt:1  | Reached *** piety under the Shining One
 58778 | Crypt:1  | Reached **** piety under the Shining One
 58869 | Crypt:1  | Found a basalt altar of Yredelemnul.
 59209 | Crypt:2  | Reached ***** piety under the Shining One
 59237 | Crypt:2  | Reached XP level 25. HP: 231/231 MP: 31/31
 59484 | Crypt:2  | Reached ****** piety under the Shining One
 59990 | Crypt:2  | Reached skill level 10 in Dodging
 60032 | Crypt:3  | Entered Level 3 of the Crypt
 60218 | Crypt:3  | Noticed Saint Roka
 60236 | Crypt:3  | Killed Saint Roka
 60265 | Crypt:3  | Found a staircase to the Tomb.
 60514 | Crypt:3  | Found an ancient bone altar of Kikubaaqudgha.
 60573 | Crypt:3  | Got a sparkling platinum ring
 60573 | Crypt:3  | Got a brightly glowing marble ring
 60574 | Crypt:3  | Identified the ring "Nirynu" {rPois rN+ MP-9 Int+4 Stlth+} (You found it on level 3 of the Crypt)
 60576 | Crypt:3  | Identified the ring "Elel Tai" {rF+ rN+ Dex+8} (You found it on level 3 of the Crypt)
 60577 | Crypt:3  | Got a faintly glowing bone ring
 60578 | Crypt:3  | Identified the ring "Digushre" {-Tele rF+ rN+ MR++ Str-3} (You found it on level 3 of the Crypt)
 60594 | Crypt:3  | Got a brightly glowing scarf
 60595 | Crypt:3  | Identified the scarf of the Hidden Vale {-Tele MR+ Str+5 Slay+6} (You acquired it on level 3 of the Crypt)
 60783 | Crypt:3  | Identified Ereshkigal's Disquisition on Evil Magic
 61510 | Temple   | Identified a +9 executioner's axe of holy wrath (a +9 executioner's axe of flaming blessed by the Shining One)
 61510 | Temple   | Received a gift from the Shining One
 61776 | Hell     | Entered the Vestibule of Hell
 61776 | Hell     | Noticed Geryon
 61997 | Hell     | Reached XP level 26. HP: 239/239 MP: 33/33
 62000 | Hell     | Reached skill level 15 in Dodging
 62247 | Hell     | Reached skill level 15 in Invocations
 62259 | Hell     | Killed Geryon
 62382 | Hell     | Found a gateway to the Iron City of Dis.
 62407 | Hell     | Found a gateway to the freezing wastes of Cocytus.
 62456 | Hell     | Found a gateway to the decaying netherworld of Tartarus.
 62523 | Hell     | Found a gateway to the ashen valley of Gehenna.
 62624 | Hell     | Gained mutation: Your spells are a little easier to cast, but a little less powerful. [a cacodemon]
 62740 | Tar:1    | Entered Level 1 of Tartarus
 63630 | Tar:7    | Entered Level 7 of Tartarus
 64138 | Tar:7    | Reached XP level 27. HP: 244/244 MP: 34/34
 64782 | Tar:7    | Was forgiven by Okawaru
 66699 | Tar:7    | Noticed Ereshkigal
 66730 | Tar:7    | Killed Ereshkigal
 66780 | Tar:7    | Identified the Reference Book on the Hurtful Birds
 66785 | Tar:7    | Got a bone rune of Zot
 66788 | Tar:7    | Identified the cursed +0 broad axe "Bogheatof" {pain, Str+4 Stlth+} (You found it on level 7 of Tartarus)
 66973 | Geh:1    | Entered Level 1 of Gehenna
 67277 | Geh:7    | Entered Level 7 of Gehenna
 67386 | Geh:7    | Reached skill level 1 in Evocations
 67995 | Geh:7    | Got a pitted bronze ring
 67996 | Geh:7    | Identified the ring of Ugifiemu {*Tele rElec Int+6 SInv} (You found it on level 7 of Gehenna)
 68041 | Geh:7    | Noticed Asmodeus
 68053 | Geh:7    | HP: 11/245 [Brimstone Fiend/damnation (33)]
 68509 | Geh:7    | Reached skill level 5 in Evocations
 69499 | Geh:7    | Killed Asmodeus
 69568 | Geh:7    | Got a warped platinum ring
 69601 | Geh:7    | Identified the ring "Boephokie" {MP+9 Dex+4} (You found it on level 7 of Gehenna)
 69604 | Geh:7    | Got a spiked cloak
 69605 | Geh:7    | Identified the +1 cloak "Xyggaev" {Regen+ Str+3 Stlth+} (You found it on level 7 of Gehenna)
 69633 | Geh:7    | Got an obsidian rune of Zot
 69881 | Dis:1    | Entered Level 1 of the Iron City of Dis
 70519 | Dis:7    | Entered Level 7 of the Iron City of Dis
 71195 | Dis:7    | Reached skill level 10 in Evocations
 72274 | Dis:7    | Noticed the Serpent of Hell
 72585 | Dis:7    | Killed the Serpent of Hell
 73041 | Dis:7    | Noticed Dispater
 73064 | Dis:7    | Killed Dispater
 73106 | Dis:7    | Identified the Catalogue of Lightness
 73109 | Dis:7    | Got an iron rune of Zot
 73118 | Dis:7    | Got an ichor-stained shield
 73281 | Coc:1    | Entered Level 1 of Cocytus
 73522 | Coc:4    | Reached skill level 5 in Shields
 73787 | Coc:7    | Entered Level 7 of Cocytus
 74196 | Coc:7    | Reached skill level 10 in Shields
 74644 | Coc:7    | Noticed Antaeus
 74807 | Coc:7    | Killed Antaeus
 74848 | Coc:7    | Got an icy rune of Zot
 74900 | Coc:7    | Got a sparkling platinum ring
 75259 | Pan      | Entered Pandemonium
 75454 | Pan      | Reached skill level 15 in Shields
 75919 | Pan      | Found an exit through the horrors of the Abyss.
 76128 | Pan      | Noticed Relagg the pandemonium lord
 76138 | Pan      | Killed Relagg the pandemonium lord
 76364 | Pan      | Found a huge runed gate.
 76366 | Pan      | Found an exit through the horrors of the Abyss.
 76373 | Pan      | Noticed Fakuas the pandemonium lord
 76399 | Pan      | Killed Fakuas the pandemonium lord
 76555 | Pan      | Identified the ring "Ore Voqeutu" {Ice rPois Dex+2} (You found it on level 7 of Cocytus)
 76702 | Pan      | Found an exit through the horrors of the Abyss.
 76809 | Pan      | Noticed Huteeptesu the pandemonium lord
 76817 | Pan      | Killed Huteeptesu the pandemonium lord
 77085 | Pan      | Noticed Nioruyso the pandemonium lord
 77096 | Pan      | Killed Nioruyso the pandemonium lord
 77115 | Pan      | HP: 4/239 [hellion/damnation (21)]
 77117 | Pan      | Killed from afar by a hellion

Skill      XL: |  1  2  3  4  5  6  7  8  9 10 11 12 13 14 15 16 17 18 19 20 21 22 23 24 25 26 27 |
---------------+----------------------------------------------------------------------------------+-----
Fighting       | 4 5 6 8 10 12 14 15 18 19 20 22 24 25 27 | 27.0
Armour         | 4 5 7 9 10 11 13 14 15 16 17 18 19 20 21 23 26 27 | 27.0
Axes           | 3 4 5 7 8 10 12 13 14 15 17 18 19 20 21 23 25 27 | 27.0
Dodging        | 1 2 3 4 7 14 19 26 | 26.9
Maces & Flails | 2 |  2.2
Invocations    | 1 2 4 5 13 14 16 23 | 23.8
Evocations     | 12 | 12.9
Shields        | 19 | 19.0

Action                   |  1- 3 |  4- 6 |  7- 9 | 10-12 | 13-15 | 16-18 | 19-21 | 22-24 | 25-27 || total
-------------------------+-------+-------+-------+-------+-------+-------+-------+-------+-------++-------
Melee: War axe           |     9 |       |       |       |       |       |       |       |       ||     9
       Hand axe          |    67 |   201 |   312 |   679 |   311 |       |       |       |       ||  1570
       Headbutt          |    11 |    30 |    70 |   190 |   229 |   270 |   241 |   417 |  1053 ||  2511
       Punch             |       |       |       |     1 |       |       |       |     1 |       ||     2
       Dire flail        |       |       |       |     4 |       |       |       |       |       ||     4
       Broad axe         |       |       |       |       |   572 |  1135 |   833 |  1192 |  3277 ||  7009
Invok: Heroism           |       |       |       |     5 |     6 |     1 |     2 |     1 |       ||    15
       Finesse           |       |       |       |       |     2 |     1 |     2 |     2 |       ||     7
       Brand Weapon With |       |       |       |       |       |       |       |       |     1 ||     1
       Summon Divine War |       |       |       |       |       |       |       |       |     8 ||     8
       Cleansing Flame   |       |       |       |       |       |       |       |       |     5 ||     5
       Divine Shield     |       |       |       |       |       |       |       |       |     2 ||     2
  Use: Scroll            |     1 |     8 |    10 |    12 |    14 |    13 |    17 |    16 |    19 ||   110
       Potion            |       |       |     1 |     3 |     3 |     1 |    15 |     1 |    10 ||    34
 Stab: Distracted        |       |       |       |     1 |       |       |     1 |       |       ||     2
       Petrified         |       |       |       |       |     4 |       |       |       |       ||     4
       Petrifying        |       |       |       |       |     1 |       |       |       |       ||     1
  Eat: Chunk             |       |     9 |     8 |    24 |    21 |    11 |    14 |     5 |     5 ||    97
       Fruit             |       |       |    11 |       |    20 |    17 |     4 |       |     3 ||    55
       Royal jelly       |       |       |     1 |       |       |     1 |       |     1 |     2 ||     5
       Meat ration       |       |       |       |       |       |     1 |     2 |     7 |    10 ||    20
       Bread ration      |       |       |       |       |       |     1 |       |       |       ||     1
Armor: Scale mail        |    33 |    77 |    31 |       |       |       |       |       |       ||   141
       Plate armour      |       |       |   126 |   249 |   303 |       |       |       |       ||   678
       Crystal plate arm |       |       |       |       |   171 |   943 |   597 |   747 |  1391 ||  3849
Dodge: Dodged            |    42 |    85 |   108 |   181 |   318 |   467 |   268 |   412 |  2002 ||  3883
Block: Shield            |       |       |       |       |       |       |       |       |   474 ||   474
       Other             |       |       |       |       |       |       |       |       |    27 ||    27
